AoeStats
← Dragon

Arena

506442259Analyzed
1v1 RM · 18d ago on Sep 13, 2026· 48m 29s· 2 players
Game mode
Random Map
Map size
Tiny (2 player)
Population
200
Speed
Normal
Resources
Standard
Victory
Conquest
Starting age
Dark Age
Ending age
Imperial Age
RankedLock teamsTeams togetherTeam positionsShared explorationLock speedFull tech treeHidden civsTurbo modeCheats
Victory
Defeat
🇧🇷 Japanese · Brazil
1242
+17
🇩🇪 Turks · Germany
1256
-17
DEVAKIO
10:06 Feudal Age
14:42 Castle Age
12:46 Double-Bit Axe
15:46 Wheelbarrow
23:07 Horse Collar
27:58 Imperial Age
25:15 Loom
25:44 Bow Saw
26:03 Fletching
25:36 Crossbowman
26:50 Bodkin Arrow
27:35 Padded Archer Armor
28:00 Ballistics
28:45 Bracer
28:45 Arbalester
28:56 Arbalester
30:36 Leather Archer Armor
32:37 Ring Archer Armor
37:48 Stone Mining
38:14 Hand Cart
37:49 Town Watch
38:10 Scale Barding Armor
39:11 Chain Barding Armor
38:38 Cavalier
39:19 Husbandry
39:29 Bloodlines
40:49 Forging
40:53 Thumb Ring
41:27 Gold Mining
42:22 Iron Casting
43:08 Chemistry
42:27 Masonry
42:34 Town Patrol
44:36 Blast Furnace
44:29 Elite Skirmisher
Dragon
11:25 Feudal Age
9:47 Loom
11:38 Feudal Age
19:20 Castle Age
21:04 Double-Bit Axe
24:00 Imperial Age
23:50 Padded Archer Armor
31:19 Leather Archer Armor
36:08 Scale Barding Armor
36:14 Forging
36:42 Ring Archer Armor
36:51 Bloodlines
41:07 Thumb Ring
41:12 Scale Barding Armor
41:41 Fletching
43:10 Artillery
44:13 Heavy Camel Rider
45:58 Chain Barding Armor
Connection lost

Rejoining the realm…

Still unreachable

The connection could not be restored.

Session expired

The server has moved on; the page needs a fresh start.